 Dungeon Crawl Stone Soup version 0.29.1-2-gbd0b4ee654 (webtiles) character file.

Game seed: 11178369890231435369

3144 xian the Arsonist (level 9, -3/59 HPs)
             Began as a Demonspawn Fire Elementalist on Nov 22, 2022.
             Slain by an orc warrior
             ... wielding a +0 halberd
              (8 damage)
             ... in a bailey.
             The game lasted 00:25:40 (8892 turns).

xian the Arsonist (Demonspawn Fire Elementalist)    Turns: 8892, Time: 00:25:41

Health: -3/59      AC:  7    Str:  8 (9)  XL:     9   Next: 62%
Magic:  13/18      EV: 11    Int: 19 (21) God:
Gold:   22         SH:  4    Dex: 10 (13) Spells: 13/20 levels left

rFire   + . .      SeeInvis +   E - +0 dagger (speed)
rCold   . . .      Faith    +   (no shield)
rNeg    + + +      Spirit   .   n - +2 leather armour {rPois}
rPois   +          Reflect  .   (no helmet)
rElec   +          Harm     .   (no cloak)
rCorr   .          Rampage  .   (no gloves)
Will    .....                   (no boots)
Stlth   ++........              p - amulet of faith
HPRegen 0.19/turn               l - ring of Kit Vuiv {Wiz *Slow rElec rF+ rN+++}
MPRegen 0.16/turn               c - ring of see invisible

@: no status effects
A: hooves 1, molten scales 1, condensation shield, demonic magic 2
a: no special abilities


You were in a bailey.
You visited 1 branch of the dungeon, and saw 7 of its levels.
You also visited: Bailey.

You collected 283 gold pieces.
You spent 261 gold pieces at shops.

Inventory:

Hand Weapons
 E - a +0 dagger of speed (weapon)
 F - the +4 falchion "Hipioq" {flame, *Rage rPois rF- SInv}
   (You bought it in a shop on level 1 of the Dungeon)

   It burns those it strikes, dealing additional fire damage.
   Big, fiery blades are also staple armaments of hydra-hunters.
   rF:        It makes you vulnerable to fire.
   rPois:     It protects you from poison.
   SInv:      It lets you see invisible.
   *Rage:     It berserks you when you make melee attacks (+20% chance).
Missiles
 B - a throwing net
Armour
 n - a +2 leather armour of poison resistance (worn)
 D - the +0 robe of Cheibriados's Favour {+Blink}
   (You found it on level 5 of the Dungeon)

   +Blink:    It lets you blink.
Jewellery
 c - a ring of see invisible (right hand)
 l - the ring of Kit Vuiv (left hand) {Wiz *Slow rElec rF+ rN+++}
   (You acquired it on level 7 of the Dungeon)

   [ring of wizardry]

   It improves your spell success rate.
   rF:        It protects you from fire.
   rElec:     It insulates you from electricity.
   rN:        It renders you almost immune to negative energy.
   *Slow:     It may slow you when you take damage.
 p - an amulet of faith (around neck)
Wands
 o - a wand of roots (13)
Scrolls
 a - a scroll of identify
 d - 2 scrolls of fear
 i - a scroll of teleportation
 j - a scroll of fog
 k - a scroll of poison
 m - 2 scrolls of vulnerability
 r - a scroll of immolation
 s - a scroll of torment
 w - a scroll of magic mapping
 x - 3 scrolls of enchant weapon
 z - a scroll of enchant armour
Potions
 b - 2 potions of magic
 e - 2 potions of might
 f - 2 potions of heal wounds {unknown}
 g - a potion of flight {unknown}
 h - a potion of brilliance {unknown}
 t - 2 potions of lignification {unknown}
 u - 2 potions of degeneration
 v - 3 potions of mutation {unknown}
 A - 2 potions of curing {unknown}
 C - a potion of attraction {unknown}


   Skills:
 + Level 1.5 Fighting
 + Level 3.5 Short Blades
 + Level 0.1 Polearms
 + Level 3.2 Armour
 + Level 2.7 Dodging
 - Level 3.4 Stealth
 + Level 0.9 Shields
 + Level 6.3 Spellcasting
 + Level 4.1 Conjurations
 * Level 8.1 Fire Magic


You had 13 spell levels left.
You knew the following spells:

 Your Spells              Type           Power      Damage    Failure   Level
a - Foxfire               Conj/Fire      100%       2x1d9     1%          1
b - Scorch                Fire           72%        2d9       1%          2
c - Flame Wave            Conj/Fire      29%        2d9       4%          4

Your spell library contained the following spells:

 Spells                   Type           Power      Damage    Failure   Level
 Conjure Flame            Conj/Fire      29%        6-21      1%          3
 Inner Flame              Hex/Fire       21%        N/A       3%          3
 Necrotise                Necr           24%        1d5       6%          1
 Stone Arrow              Conj/Erth      28%        3d8       8%          3
 Ensorcelled Hibernation  Hex/Ice        12%        N/A       9%          2
 Spider Form              Tmut/Pois      6%         N/A       17%         3
 Vampiric Draining        Necr           6%         2d6       17%         3
 Anguish                  Hex/Necr       3%         N/A       50%         4
 Animate Armour           Summ/Erth      12%        N/A       50%         4
 Agony                    Necr           6%         N/A       82%         5
 Dispersal                Tloc           3%         N/A       100%        6
 Disjunction              Tloc           3%         N/A       100%        8
 Lehudib's Crystal Spear  Conj/Erth      7%         10d3      100%        8


Dungeon Overview and Level Annotations

Branches:
Dungeon (7/15)             Temple (0/1) D:7          Bailey (1/1)

Altars:

Shops:
D:1 *   D:2 :   D:5 [

Annotations:
D:1 1 runed translucent door


Innate Abilities, Weirdness & Mutations

You have large cloven feet.
You are partially covered in molten scales. (AC +2)
A meltable shield of frost defends you. (SH +4)
Spells you cast may paralyse nearby enemies.


Message History

The foxfire hits the orc warrior but does no damage.
The orc warrior is lightly wounded.
The foxfire hits the orc warrior but does no damage.
The orc warrior is lightly wounded.
You block the orc warrior's attack. The orc warrior barely misses you.
The foxfire hits the orc warrior but does no damage.
The orc warrior is lightly wounded.
The orc warrior misses you.
The orc warrior hits you with a +0 halberd!
There is an open door, spattered with blood here.
You hit the orc warrior. Your kick misses the orc warrior.
The orc warrior is lightly wounded.
You hit the orc warrior but do no damage.
The orc warrior is lightly wounded.
The orc warrior hits you with a +0 halberd!
You hit the orc warrior but do no damage.
The orc warrior is lightly wounded.
You barely miss the orc warrior. Your kick misses the orc warrior.
The orc warrior is lightly wounded.
The orc warrior hits you with a +0 halberd!
* * * LOW HITPOINT WARNING * * *
You are too injured to fight recklessly!
Unknown command.
Casting: Foxfire (safe; 1% risk of failure)
Confirm with . or Enter, or press ? or * to list all spells.
You don't know that spell.
Casting: Foxfire (safe; 1% risk of failure)
Confirm with . or Enter, or press ? or * to list all spells.
Flames lash the orc warrior.
The orc warrior is moderately wounded.
The orc warrior's fire resistance burns away.
Malevolent energies surge around you.
The orc warrior hits you with a +0 halberd!
* * * LOW HITPOINT WARNING * * *
Okay, then.
It was a potion of degeneration.
There was something very wrong with that liquid.
You feel weakened.
You feel dopey.
You feel clumsy.
The orc warrior hits you with a +0 halberd!
You die...

...~~~~~~~~~~~# ~~~~~~~.
...~~~~~~~##~~# ~~~~~~~.
...~~~~~~~##~### #~~~~~~~.
...~~~~~~~##~')# #~~~~~~~.
...~~~~~~~##~### #~~~~~~~.
...~~~~~~~##~')# #~~~~~~~.
...~~~~~~~##§##### ##~~~~~~~.
...~~~~~~~~#~~##o# #~~~~~~~~.
...~~~~~~~~##~§#@#+#~~##~~~~~~~~.
...~~~~~~~~~##~~~~~~~##~~~~~~)~~.
...~≈≈~≈≈≈~~~#########~~~≈≈≈)≈≈~.
...≈≈#.##≈~~~~~~###~~~~~~≈##.#≈≈.
...≈##.∩#≈~~~~~~~~~~~~~~~≈#∩.##≈.
...≈#...))~~~~~~~~~~~~~~~~....#≈.
...≈##.##≈~~~~~~~~~~~~~~~≈##.##≈.
...≈≈###≈≈~~~~~~~~~~~~~~~≈≈###≈≈)
...~≈≈≈≈≈~~~~~~~~~~~~~~~~~≈≈≈≈≈~.


You could see an orc warrior (combustible).

Vanquished Creatures
  A troll (D:7)
  Sigmund (D:6)
  Eustachio (D:6)
  Edmund (D:6)
  A water moccasin (D:6)
  2 black bears
  6 orc warriors
  A centaur (D:6)
  3 bullfrogs
  2 scorpions
  A gnoll sergeant (D:4)
  A necrophage (D:5)
  3 orc priests
  3 hounds
  5 jellies
  2 iguanas (D:4)
  5 orc wizards
  Robin (D:3)
  6 adders
  11 gnolls
  2 white imps
  An ufetubus (D:5)
  3 worms
  2 dart slugs
  28 orcs
  6 ball pythons
  7 endoplasms
  2 giant cockroaches
  20 goblins
  11 hobgoblins
  3 jackals (D:5)
  2 quokkas
  9 bats
  4 frilled lizards
  7 kobolds
  6 rats
170 creatures vanquished.

Vanquished Creatures (collateral kills)
  Joseph (D:7)
1 creature vanquished.

Vanquished Creatures (others)
  376 foxfires
376 creatures vanquished.

Grand Total: 547 creatures vanquished

Notes
Turn   | Place    | Note
-------+----------+-------------------------------------------
     0 | D:1      | xian the Demonspawn Fire Elementalist began the quest for
                  | the Orb.
     0 | D:1      | Reached XP level 1. HP: 13/13 MP: 3/3
     0 | D:1      | Noticed a jelly
     0 | D:1      | Noticed a jelly
     1 | D:1      | Found a runed translucent door.
   318 | D:1      | Found a faded altar of an unknown god.
   340 | D:1      | Reached skill level 3 in Fire Magic
   644 | D:1      | Gained mutation: Spells you cast may paralyse adjacent
                  | enemies. [demonic ancestry]
   644 | D:1      | Reached XP level 2. HP: 19/19 MP: 0/5
   716 | D:1      | Learned a level 2 spell: Scorch
   797 | D:1      | Found Lehuaj's Assorted Antiques.
  1606 | D:2      | Gained mutation: A meltable shield of frost defends you.
                  | (SH +4) [demonic ancestry]
  1606 | D:2      | Reached XP level 3. HP: 24/24 MP: 0/6
  1951 | D:2      | Found Puusewol's Book Shoppe.
  2034 | D:2      | Gained mutation: You are partially covered in molten
                  | scales. (AC +2) [demonic ancestry]
  2034 | D:2      | Reached XP level 4. HP: 29/30 MP: 2/7
  2805 | D:3      | Noticed Robin
  2889 | D:3      | Killed Robin
  2902 | D:3      | Reached XP level 5. HP: 26/35 MP: 1/9
  3974 | D:4      | Reached skill level 1 in Short Blades
  4025 | D:4      | Reached XP level 6. HP: 42/42 MP: 5/10
  4790 | D:4      | Reached skill level 4 in Fire Magic
  4796 | D:4      | Reached skill level 1 in Armour
  5440 | D:1      | Bought a scroll labelled PUEZEHOJOE for 22 gold pieces
  5440 | D:1      | Bought a scroll labelled FEENAF IGAETH for 22 gold pieces
  5440 | D:1      | Bought a scroll labelled LUELIGE CAENA for 22 gold pieces
  5440 | D:1      | Bought a metallic orange potion for 19 gold pieces
  5548 | D:4      | Learned a level 4 spell: Flame Wave
  5549 | D:5      | Entered Level 5 of the Dungeon
  5560 | D:5      | Gained mutation: Spells you cast may paralyse nearby
                  | enemies. [demonic ancestry]
  5560 | D:5      | Reached XP level 7. HP: 47/47 MP: 6/12
  6068 | D:5      | Reached skill level 1 in Fighting
  6120 | D:5      | Identified the +0 robe of Cheibriados's Favour {+Blink}
  6438 | D:5      | Found Siarrioq's Armour Shoppe.
  6523 | D:6      | Noticed Sigmund
  6530 | D:6      | Killed Sigmund
  6531 | D:6      | Reached skill level 5 in Fire Magic
  6531 | D:6      | Gained mutation: You have large cloven feet. [demonic
                  | ancestry]
  6531 | D:6      | Reached XP level 8. HP: 47/54 MP: 7/14
  6803 | D:6      | Noticed Eustachio
  6811 | D:6      | Killed Eustachio
  6977 | D:6      | Noticed Edmund
  6986 | D:6      | Reached skill level 6 in Fire Magic
  6989 | D:6      | Killed Edmund
  7150 | D:6      | Reached skill level 5 in Spellcasting
  7510 | D:1      | Bought a crystal falchion for 176 gold pieces
  7510 | D:1      | Identified the +4 falchion "Hipioq" {flame, *Rage rPois rF-
                  | SInv} (You bought it in a shop on level 1 of the Dungeon)
  7737 | D:7      | Identified a scroll of acquirement
  7738 | D:7      | Acquired the ring of Kit Vuiv {Wiz *Slow rElec rF+ rN+++}
  7749 | D:7      | Noticed a troll
  7757 | D:7      | Killed a troll
  7758 | D:7      | Reached skill level 7 in Fire Magic
  7758 | D:7      | Reached XP level 9. HP: 59/59 MP: 9/17
  7907 | D:7      | Found a staircase to the Ecumenical Temple.
  7990 | D:7      | Noticed Joseph
  8001 | D:7      | Killed Joseph
  8047 | D:7      | Found a flagged portal.
  8143 | Bailey   | Entered a bailey
  8598 | Bailey   | Reached skill level 8 in Fire Magic
  8892 | Bailey   | Slain by an orc warrior

Illustrated notes

Levels and vault maps discovered:
D:1:      dpeg_arrival_caged_fury, layout_loops_cross, serial_shops,
          nicolae_lakefront_shop, hellmonk_ecumenical_altar_run_dry
D:2:      layout_rooms, serial_shops, nicolae_diamond_shop, minmay_box_of_dots
D:3:      layout_loops_ring, uniq_robin
D:4:      minmay_angry_zag, layout_basic, lightli_minifort
D:5:      layout_basic, serial_shops, nicolae_square_shop
D:6:      layout_loops_ring, uniq_edmund, uniq_eustachio, uniq_sigmund
D:7:      layout_cave_pools, minmay_temple_entry_hall, enter_bailey_3,
          uniq_joseph
Bailey:   bailey_polearm_2, bailey

Skill      XL: |  1  2  3  4  5  6  7  8  9 |
---------------+----------------------------+-----
Fire Magic     | 3 4 5 7 8 |  8.1
Stealth        | 2 3 |  3.4
Dodging        | 2 |  2.7
Spellcasting   | 3 4 5 6 |  6.3
Short Blades   | 1 2 3 |  3.5
Conjurations   | 2 3 4 |  4.1
Armour         | 1 2 3 |  3.2
Fighting       | 1 |  1.5
Polearms       | |  0.1
Shields        | |  0.9

Action                   |  1- 3 |  4- 6 |  7- 9 || total
-------------------------+-------+-------+-------++-------
Melee: Unarmed           |     9 |       |       ||     9
       Spear             |    11 |       |       ||    11
       Dagger            |    20 |    94 |    63 ||   177
       Kick              |       |       |    10 ||    10
 Cast: Foxfire           |    54 |    80 |   105 ||   239
       Scorch            |     2 |     3 |    25 ||    30
       Flame Wave        |       |       |     1 ||     1
  Use: Scroll            |       |     1 |    14 ||    15
       Potion            |       |       |     1 ||     1
 Stab: Paralysed         |     6 |    28 |    32 ||    66
       Sleeping          |     4 |    10 |     1 ||    15
Armor: Robe              |     7 |       |       ||     7
       Leather armour    |     1 |    26 |    19 ||    46
Dodge: Dodged            |    23 |    56 |    53 ||   132
Block: Other             |     2 |    14 |    13 ||    29
